Cogmind - Beta 16.1 @@@ ROGUE MODE // 2026.02.22 @ 09:37:17 Player: throbalt Result: Destroyed by G-67 Veteran with Field Laser Performance ------------- Evolutions (7) 3500 Regions Visited (13) 2600 Robots Destroyed (115) 575 Value Destroyed (4288) 4288 Prototype IDs (26) 520 Alien Tech Used (0) 0 Bonus (692) 692 TOTAL SCORE: 12175 Bonus ------- Follower Combat Kills 392 Aligned with FarCom 300 Cogmind --------- Core Integrity 0/1300 Matter 65/300 Energy 170/190 System Corruption 1% Temperature Critical (910) Movement Walking (116) Location -3/Research Parts ------- > --- POWER (3) -------- Light Quantum Reactor > --- PROPULSION (6) --- Flexi-carbon Leg Myomer Leg Biometal Leg > --- UTILITY (7) ------ Advanced Cryofiber Web Medium Storage Unit Enhanced Optical Array Armor Integrity Analyzer Hacking Suite Hacking Suite Improved Corruption Screen > --- WEAPON (5) ------- Plasma Rifle Plasma Rifle Compact HERF Cannon Coil Gun Advanced Remote Datajack > --- INVENTORY (10) --- Lance Peak State ------------ > --- POWER ------------ Light Antimatter Reactor Light Antimatter Reactor Light Particle Reactor > --- PROPULSION ------- Flexi-carbon Leg Flexi-carbon Leg Flexi-carbon Leg Myomer Leg Myomer Leg > --- UTILITY ---------- Advanced Heat Sink Advanced Heat Sink Experimental Heat Sink Enhanced Optical Array Graphene Brace Improved Thermal Shield Improved Corruption Screen > --- WEAPON ----------- Quantum Rifle KE Penetrator KE Penetrator Railgun Linear Accelerator > --- INVENTORY -------- Light Quantum Reactor Compact HERF Cannon Remote Datajack Lance [Rating: 129] Favorites ----------- Power Micro Nuclear Core Engine Ion Engine Power Core Micro Nuclear Core Reactor Light Antimatter Reactor Propulsion Aluminum Leg Leg Aluminum Leg Wheel Wheel Hover Unit Linear Gravjet Flight Unit VTOL Module Utility Large Storage Unit Device Structural Scanner Storage Large Storage Unit Processor Advanced Visual Processing Unit Hackware Hacking Suite Protection Improved Propulsion Shielding Weapon Assault Rifle Energy Gun AWS/Thermal Energy Cannon Ion Cannon Ballistic Gun Assault Rifle Ballistic Cannon Gauss Cannon Launcher Grenade Launcher Special Weapon Plasma Flamer Slashing Weapon Scythe Build | -11 -10 -10 -10 -9 -8 -7 -7 -7 -6 -5 -4 -4 -3 ------- Run | Yrd Mat Min Exi Min Mat Fac Was Fac Fac Fac Fac Ext Res Slots Evolved 14 | . . . . . 4 2 . . 2 2 2 . 2 Power 2 | . . . . . . . . . 1 . . . 1 Propulsion 4 | . . . . . 2 . . . . 1 1 . . Utility 5 | . . . . . 1 2 . . . 1 1 . . Weapon 3 | . . . . . 1 . . . 1 . . . 1 Parts Attached 164 | 5 15 2 2 3 10 2 3 27 12 17 23 10 33 Power 21 | 1 . . . 1 1 . 1 3 2 2 3 2 5 Engine 5 | 1 . . . 1 . . 1 1 1 . . . . Core 11 | . . . . . 1 . . 2 1 2 3 2 . Reactor 5 | . . . . . . . . . . . . . 5 Propulsion 50 | 1 6 1 . 2 3 . 2 7 2 4 11 1 10 Treads . | . . . . . . . . . . . . . . Leg 34 | 1 6 1 . 2 3 . 2 7 . 1 1 . 10 Wheel 2 | . . . . . . . . . 2 . . . . Hover 7 | . . . . . . . . . . 1 5 1 . Flight 7 | . . . . . . . . . . 2 5 . . Utility 41 | 1 3 1 1 . 2 2 . 5 1 8 5 3 9 Device 19 | . 1 1 . . 1 . . . 1 6 3 2 4 Storage 5 | 1 1 . . . 1 . . 1 . . . . 1 Processor 10 | . . . 1 . . 2 . 2 . 2 1 . 2 Hackware 3 | . . . . . . . . 1 . . . . 2 Protection 4 | . 1 . . . . . . 1 . . 1 1 . Artifact . | . . . . . . . . . . . . . . Weapon 52 | 2 6 . 1 . 4 . . 12 7 3 4 4 9 Energy Gun 20 | 1 1 . 1 . 1 . . 2 6 1 2 . 5 Energy Cannon 3 | . . . . . . . . 1 1 . . . 1 Ballistic Gun 17 | 1 3 . . . 3 . . 3 . 2 2 2 1 Ballistic Cannon 5 | . . . . . . . . 3 . . . 1 1 Launcher 2 | . 1 . . . . . . 1 . . . . . Special Weapon 4 | . 1 . . . . . . 1 . . . 1 1 Impact Weapon . | . . . . . . . . . . . . . . Slashing Weapon 1 | . . . . . . . . 1 . . . . . Piercing Weapon . | . . . . . . . . . . . . . . Special Melee Weapon . | . . . . . . . . . . . . . . Unidentified Prototypes 4 | . . . 2 . . . . . . 1 1 . . Corrupted Parts 1 | . . . . . . . . 1 . . . . . System Corruption 1 | . . . . . . . . 1 . . . . . Parts Lost 75 | . 3 1 . 1 . . 3 14 13 17 3 3 17 Power 10 | . . . . 1 . . . 1 1 3 . . 4 Propulsion 22 | . . . . . . . 2 5 4 4 1 1 5 Utility 13 | . 1 1 . . . . . 3 . 4 1 1 2 Weapon 30 | . 2 . . . . . 1 5 8 6 1 1 6 Highest Loss Streak 13 | . 1 1 . 1 . . 3 8 7 13 3 2 9 To Critical Strikes 2 | . . . . . . . 1 . . 1 . . . Average Backups 9 | 1 7 9 9 10 13 12 13 14 12 4 4 4 5 Power 1 | . 1 1 1 1 1 2 1 1 . . . . 1 Propulsion 1 | . 2 3 3 3 2 3 2 1 . . 1 . . Utility 2 | . 1 1 1 1 3 1 1 4 6 2 1 . . Weapon 3 | . 1 3 3 4 4 5 6 5 3 . . 1 2 Tool/Special . | . . . . . . . . . . . . . . Unused Backups 29 | . 5 . . 1 6 . . 6 1 2 3 2 3 Power 5 | . 3 . . . 1 . . . . . . . 1 Propulsion 6 | . . . . . 1 . . 1 . . 2 2 . Utility 7 | . 1 . . . 2 . . 1 1 1 1 . . Weapon 10 | . 1 . . 1 2 . . 3 . 1 . . 2 Tool/Special 1 | . . . . . . . . 1 . . . . . Average Slot Usage (%) 87 | . 97 100 96 84 88 99 94 97 78 47 54 80 88 Engine 5 | . 14 14 14 13 6 . . 4 . 3 . . . Core 3 | . . . . . 2 7 5 2 11 3 6 10 . Reactor 1 | . . . . . . . . . . . . . 11 Leg 21 | . 26 28 28 28 35 30 28 29 12 . 1 . 19 Hover 1 | . . . . . . . . . . . 9 19 1 Device 9 | . 10 14 10 . 7 7 7 7 7 14 15 23 14 Storage 7 | . 14 14 14 14 9 7 7 7 6 2 . . 2 Processor 10 | . . . 3 14 9 22 23 17 17 10 10 5 8 Protection 1 | . 2 . . . . . . 1 . . 2 7 1 Energy Gun 5 | . 3 . 3 14 8 7 5 . 11 3 4 4 4 Ballistic Gun 10 | . 24 28 21 . 9 15 13 11 . 1 . 4 11 Ballistic Cannon 2 | . . . . . . . . 7 3 . . 1 3 Peak Build Rating 129 | 5 8 8 27 29 40 35 35 47 52 42 88 99 129 Average Rating 42 | 4 7 7 12 28 34 34 33 39 41 29 53 86 114 On Entrance 30 | . 5 8 7 27 29 29 35 28 38 34 15 71 96 Avg Prop Armor Cover (%) 6 | . . . . . . . . 7 . . 7 . 3 Naked Turns . | . . . . . . . . . . . . . . Heaviest Build 88 | 14 21 20 23 23 38 36 36 51 53 48 29 53 88 Greatest Support 138 | 10 20 20 20 26 46 46 58 77 45 15 36 41 138 Greatest Overweight (x) 17 | 4 1 . 1 1 1 . . 1 17 9 4 2 2 Average Overweight (x) . | 1 . . . . . . . . 1 2 . . . Largest Inventory Capacity 15 | 8 10 10 10 10 15 15 15 15 15 15 5 5 10 Average Capacity 11 | 7 9 10 10 10 14 15 15 15 15 9 5 5 8 Most Carried 15 | 3 10 10 10 10 15 13 14 15 15 12 5 5 8 Average Carried 9 | 1 7 9 9 10 13 12 13 14 12 4 4 4 5 Final Capacity 15 | 8 10 10 10 10 15 15 15 15 15 5 5 5 10 Final Carried 13 | 3 10 9 10 10 13 13 12 12 10 4 5 2 1 Class Distribution -------------------- 37% | Mutant 16% | Scavenger-Skirmisher 11% | Scavenger-Gunner 11% | Scavenger-Tank 9% | Gunner 8% | Scavenger-Mutant 5% | Sprinter Dominant Class ---------------- Mutant | -10/Materials Scavenger-Mutant | -10/Mines Mutant | -10/Exiles Mutant | -9/Mines Scavenger-Skirmisher | -8/Materials Scavenger-Skirmisher | -7/Factory Scavenger-Skirmisher | -7/Waste Gunner | -7/Factory Scavenger-Gunner | -6/Factory Mutant | -5/Factory Sprinter | -4/Factory Sprinter | -4/Extension Scavenger-Tank | -3/Research Resources | -11 -10 -10 -10 -9 -8 -7 -7 -7 -6 -5 -4 -4 -3 ----------- Run | Yrd Mat Min Exi Min Mat Fac Was Fac Fac Fac Fac Ext Res Matter Collected 4313 | 243 412 59 . 98 311 20 . 1071 268 90 128 677 936 Remotely 695 | . 412 59 . . . . . . . . . . 224 Salvage Created 4487 | . 471 174 . 143 829 74 . 1013 289 47 128 349 970 Parts 253 | . 27 6 . 10 54 6 . 57 18 4 9 19 43 Haulers Intercepted . | . . . . . . . . . . . . . . Recyclers Shooed 11 | . 5 1 . . 1 . . 2 1 . . . 1 Parts Field Recycled . | . . . . . . . . . . . . . . Retrieved Matter . | . . . . . . . . . . . . . . Parts Self-Destructed . | . . . . . . . . . . . . . . Prevented . | . . . . . . . . . . . . . . Parts Restored . | . . . . . . . . . . . . . . Kills | -11 -10 -10 -10 -9 -8 -7 -7 -7 -6 -5 -4 -4 -3 ------- Run | Yrd Mat Min Exi Min Mat Fac Was Fac Fac Fac Fac Ext Res Combat Hostiles Destroyed 90 | . 9 4 . 6 16 2 . 21 3 2 5 8 14 Melee 4 | . . . . . . . . 4 . . . . . Guns 70 | . 9 4 . 6 15 2 . 8 2 1 5 8 10 Cannons 13 | . . . . . . . . 9 . . . . 4 AOE 2 | . . . . . 1 . . . . 1 . . . Classes Destroyed 15 | . 4 . . 1 4 . . 5 1 . . . . Worker 11 | . 1 . . . 1 1 . 5 2 . . . 1 Builder 3 | . . . . . 1 . . . 1 . . 1 . Tunneler 2 | . . . . . . . . 2 . . . . . Recycler 6 | . 2 . . . 1 . . 3 . . . . . Mechanic 1 | . . . . . . . . . 1 . . . . Watcher 2 | . . . . . 2 . . . . . . . . Swarmer 23 | . 3 . . 4 4 1 . . . 1 5 5 . Grunt 36 | . 6 4 . 1 4 1 . 8 . . . 2 10 Brawler 1 | . . . . . . . . 1 . . . . . Duelist 3 | . . . . 1 2 . . . . . . . . Protector 1 | . . . . . . . . 1 . . . . . Sentry 8 | . . . . . 5 . . 1 1 . . 1 . Hunter 7 | . . . . . 1 . . 3 . 1 . . 2 Programmer 10 | . . . . . . . . 6 2 . . . 2 Heavy 1 | . . . . . . . . 1 . . . . . Best Kill Streak 9 | . 4 2 . 4 9 2 . 5 2 1 5 4 4 Combat Bots Only 7 | . 3 2 . 4 7 2 . 4 1 1 5 4 4 Max Kills in Single Turn 2 | . 1 1 . 1 2 1 . 2 1 1 1 2 1 Gunslinging 1 | . . . . . . . . . . . . 1 . Exploded 1 | . . . . . 1 . . . . 1 . . . Melee 1 | . . . . . . . . 1 . . . . . Uniques/NPCs Destroyed . | . . . . . . . . . . . . . . Combat | -11 -10 -10 -10 -9 -8 -7 -7 -7 -6 -5 -4 -4 -3 -------- Run | Yrd Mat Min Exi Min Mat Fac Was Fac Fac Fac Fac Ext Res Hostile Shots Fired 1002 | . 73 20 . 26 44 12 2 266 152 91 73 42 201 Missed 288 | . 17 7 . 7 16 4 . 80 47 24 23 15 48 Hits 714 | . 56 13 . 19 28 8 2 186 105 67 50 27 153 Melee 6 | . . . . . . . 2 4 . . . . . Projectile 708 | . 56 13 . 19 28 8 . 182 105 67 50 27 153 AOE 1 | . . . . . . . . . . . 1 . . Critical Strikes 30 | . . . . . 1 . 2 4 4 6 . 2 11 Actively Blocked 8 | . . . . . . . . . . . . 2 6 Part Disruptions 2 | . . . . . . . . 1 . . . . 1 Damage Taken 12258 | . 622 190 . 156 363 124 98 2974 1387 1296 790 562 3696 Core 3276 | . 55 16 . 35 . 29 . 511 494 439 339 57 1301 Absorbed by Shields . | . . . . . . . . . . . . . . Redirected to Shielding 134 | . . . . . . . . . . . . 68 66 Ignored by Resistances 299 | . . . . . . . . . . . . 42 257 Regen/Repaired (Parts) 157 | . . . . . 63 . . 94 . . . . . Core Remaining (%) 63 | 100 . . . 57 100 . . 22 41 56 . 65 . Volleys Fired 340 | . 45 14 . . 34 4 . 71 50 18 13 48 43 Largest 5 | . 2 2 . . 3 3 . 3 4 2 2 4 5 Hottest 332 | . 60 40 . . 114 114 . 180 310 110 88 188 332 Shots Fired 847 | . 90 27 . 24 100 12 . 197 76 23 17 91 190 Gun 657 | . 89 27 . 24 99 12 . 96 70 20 17 60 143 Cannon 154 | . . . . . . . . 91 5 . . 11 47 Launcher 11 | . 1 . . . 1 . . 6 . 3 . . . Special 25 | . . . . . . . . 4 1 . . 20 . Kinetic 532 | . 86 27 . . 35 8 . 170 3 15 4 49 135 Thermal 180 | . . . . 24 64 4 . 17 6 . 13 22 30 Explosive 11 | . 1 . . . 1 . . 6 . 3 . . . Electromagnetic 104 | . 3 . . . . . . 4 67 5 . . 25 Robot Hit Streak 11 | . 10 7 . 9 11 3 . 11 8 7 4 10 9 Robot Miss Streak 16 | . 4 2 . 2 6 3 . 16 3 6 3 4 11 Penetration Max 1 | . . . . . . . . 1 . . . 1 1 Secondary Targets 7 | . 4 . . . . . . . . . 2 1 . Max Gunslinging Chain 1 | . 1 . . . . . . . . . 1 1 . Autonomous 87 | . . . . 24 63 . . . . . . . . Shots Hit Robots 498 | . 55 18 . 16 66 5 . 132 52 14 10 54 76 Core Hits 270 | . 21 9 . 7 35 4 . 103 23 7 5 18 38 Critical Kills 2 | . . 1 . . 1 . . . . . . . . Critical Parts Destroyed 1 | . . . . . . . . 1 . . . . . Critical Strikes 17 | . . 1 . . 1 . . 2 7 1 . 3 2 Burn 2 | . . . . . . . . . 1 . . 1 . Destroy 4 | . . 1 . . 1 . . 1 . . . 1 . Blast 2 | . . . . . . . . . . . . 1 1 Corrupt 8 | . . . . . . . . . 6 1 . . 1 Sever 1 | . . . . . . . . 1 . . . . . Melee Attacks 14 | . . . . . . . . 14 . . . . . Impact . | . . . . . . . . . . . . . . Slashing 14 | . . . . . . . . 14 . . . . . Piercing . | . . . . . . . . . . . . . . Sneak Attacks 1 | . . . . . . . . 1 . . . . . Combat Hostiles . | . . . . . . . . . . . . . . Follow-up Attacks . | . . . . . . . . . . . . . . Damage Inflicted 10889 | . 652 200 . 459 1732 118 . 2813 683 360 290 1169 2413 Guns 7353 | . 638 200 . 457 1630 82 . 1001 491 156 290 884 1524 Cannons 2283 | . . . . . . . . 1300 43 . . 252 688 Explosions 662 | . . . . . 102 . . 136 63 197 . . 164 Melee 346 | . . . . . . . . 346 . . . . . Ramming 201 | . 14 . . 2 . 36 . 3 69 7 . 33 37 Kinetic 5816 | . 638 200 . . 346 29 . 1983 37 103 31 883 1566 Thermal 3107 | . . . . 457 1284 53 . 308 158 . 259 253 335 Explosive 599 | . . . . . 102 . . 136 . 197 . . 164 Electromagnetic 820 | . . . . . . . . 37 419 53 . . 311 Impact . | . . . . . . . . . . . . . . Slashing 346 | . . . . . . . . 346 . . . . . Piercing . | . . . . . . . . . . . . . . Highest Corruption 16 | . 2 2 2 2 . . . 16 6 . . 2 1 Average Corruption 3 | . 2 2 2 2 . . . 7 2 . . 2 1 Corruption Purged . | . . . . . . . . . . . . . . Corruption Blocked 2 | . . . . . . . . . . . . . 2 Effects 67 | . 1 3 12 6 . . . 34 9 . . 1 1 Message Errors 21 | . . . 6 2 . . . 8 3 . . 1 1 Matter Fused 18 | . 1 1 2 1 . . . 11 2 . . . . Heat Flow Errors 3 | . . . . . . . . 3 . . . . . Energy Discharges 7 | . . 1 2 1 . . . 2 1 . . . . Parts Rejected 1 | . . . . . . . . . 1 . . . . Parts Fused 1 | . . . . . . . . 1 . . . . . Data Loss (minor) 6 | . . . 2 1 . . . 3 . . . . . Data Loss (major) 1 | . . . . . . . . 1 . . . . . Misfires 2 | . . . . . . . . 2 . . . . . Alerts 4 | . . . . 1 . . . 1 2 . . . . Weapon Failures 3 | . . 1 . . . . . 2 . . . . . Overload Shots . | . . . . . . . . . . . . . . Overflow Damage 178 | . . . . . . . . 59 59 36 . . 24 Projectiles 31 | . . . . . . . . 13 . . . . 18 Explosions 101 | . . . . . . . . . 59 36 . . 6 Melee 46 | . . . . . . . . 46 . . . . . Knockbacks 31 | . . . . . . . . 21 1 . . . 9 Impact 1 | . . . . . . . . . 1 . . . . Kinetic 29 | . . . . . . . . 21 . . . . 8 Secondary 1 | . . . . . . . . . . . . . 1 Self-Inflicted Damage 244 | . . . . . . . . 82 86 60 . 16 . Shots 7 | . . . . . . . . 3 1 3 . . . Rammed 38 | . . . . . . . . . 33 3 . 2 . Targets Rammed 53 | . 5 . . 1 . 2 . 2 33 3 . 2 5 Kicked 15 | . 5 . . 1 . 2 . 2 . . . . 5 Crushed . | . . . . . . . . . . . . . . Highest Temperature 1175 | . 51 15 . . 93 150 . 243 706 91 . 2 1175 Average Temperature 183 | . 10 8 . . 38 73 . 66 191 48 . 2 365 Received Heat Transfer 1815 | . 240 111 . 6 99 27 . 477 102 9 12 66 666 Effects 82 | . . . . . . . . . 20 . . . 62 Shutdowns 26 | . . . . . . . . . 6 . . . 20 Energy Bleed 3 | . . . . . . . . . 1 . . . 2 Interference 7 | . . . . . . . . . . . . . 7 Matter Decay 10 | . . . . . . . . . 1 . . . 9 Short Circuit 9 | . . . . . . . . . 3 . . . 6 Damage (minor) 7 | . . . . . . . . . 4 . . . 3 Damage (major) 15 | . . . . . . . . . 5 . . . 10 Damage (core) 5 | . . . . . . . . . . . . . 5 Siege Activations . | . . . . . . . . . . . . . . Martial Activations . | . . . . . . . . . . . . . . Shielding Activations . | . . . . . . . . . . . . . . Robots Disrupted . | . . . . . . . . . . . . . . Combat Hostiles . | . . . . . . . . . . . . . . Robots Corrupted . | . . . . . . . . . . . . . . Combat Hostiles . | . . . . . . . . . . . . . . Parts Fried 5 | . . . . . . . . . 2 . . 1 2 Impact Corruptions . | . . . . . . . . . . . . . . Robots Melted 1 | . . . . . . . . . 1 . . . . Combat Hostiles 1 | . . . . . . . . . 1 . . . . Parts Melted 11 | . . . . 2 1 . . . 4 . 1 1 2 Heat Transferred 4862 | . . . . 592 1665 111 . 682 465 . 370 444 533 Parts Sabotaged . | . . . . . . . . . . . . . . Parts Stolen . | . . . . . . . . . . . . . . Parts Stripped . | . . . . . . . . . . . . . . Power Chain Reactions 1 | . . . . . . . . . 1 . . . . Alert | -11 -10 -10 -10 -9 -8 -7 -7 -7 -6 -5 -4 -4 -3 ------- Run | Yrd Mat Min Exi Min Mat Fac Was Fac Fac Fac Fac Ext Res Maximum Alert Level 1 | . . . . . . . . 1 . . . 1 . Low Security (%) 96 | 100 100 100 . 100 100 100 100 91 100 100 100 71 100 Level 1 3 | . . . . . . . . 8 . . . 28 . Level 2 . | . . . . . . . . . . . . . . Level 3 . | . . . . . . . . . . . . . . Level 4 . | . . . . . . . . . . . . . . Level 5 . | . . . . . . . . . . . . . . High Security . | . . . . . . . . . . . . . . Max Security . | . . . . . . . . . . . . . . Peak Influence 321 | . 55 50 . 91 171 71 8 294 134 75 70 321 188 Initial 134 | . . 1 . . . 63 8 . 134 6 4 . 96 Average 47 | . 14 21 . 18 95 47 1 71 18 8 22 110 77 Influence Increases 3208 | . 278 100 . 131 407 60 . 747 121 145 120 614 485 Destroy 0b10 Robot/C 1832 | . 180 80 . 96 256 32 . 388 60 40 100 320 280 Destroy 0b10 Robot/NC 128 | . 15 . . . 20 4 . 54 20 . . 10 5 Destroy Leader 382 | . 30 20 . 16 76 . . 118 30 10 10 22 50 Allied During Kill 148 | . . . . . . . . . . . . 148 . Successful Hack 86 | . 19 . . . 13 . . 10 5 . 10 29 . Disable Machine 129 | . 15 . . 12 12 . . 45 . 15 . 15 15 Destroy Structure 224 | . 4 . . 7 30 . . 57 6 50 . 10 60 Partial Spotted 45 | . . . . . . . . 30 . 15 . . . Lose Combat Pursuer 234 | . 15 . . . . 24 . 45 . 15 . 60 75 Influence Decreases 3193 | . 273 85 20 131 268 176 23 472 382 149 130 430 654 Entered New Map 358 | . . 4 20 . . 76 15 . 141 8 6 . 88 Time Decay 2144 | . 253 71 . 121 268 100 8 332 214 71 104 169 433 Lost Part 460 | . 20 10 . 10 . . . 140 27 70 20 30 133 Lost Ally 231 | . . . . . . . . . . . . 231 . Squads Dispatched 23 | . . . . . 2 1 . 9 2 1 . 3 5 Investigation 3 | . . . . . . . . 1 . . . 1 1 Extermination 8 | . . . . . . . . 3 2 1 . . 2 Reinforcement 7 | . . . . . . 1 . 2 . . . 2 2 Assault . | . . . . . . . . . . . . . . Garrison 5 | . . . . . 2 . . 3 . . . . . Intercept . | . . . . . . . . . . . . . . Searches Triggered . | . . . . . . . . . . . . . . Construction Impeded 1 | . . . . . . . . . . . . 1 . Haulers Reinforced 1 | . . . . . . . . . . . . . 1 Active Scanning Responses . | . . . . . . . . . . . . . . Cargo Convoy Interrupts 1 | . . . . . . . . 1 . . . . . Stealth | -11 -10 -10 -10 -9 -8 -7 -7 -7 -6 -5 -4 -4 -3 --------- Run | Yrd Mat Min Exi Min Mat Fac Was Fac Fac Fac Fac Ext Res Distress Signals 10 | . 3 . . . . 1 . 1 . 1 . 2 2 Communications Jammed . | . . . . . . . . . . . . . . Distress Signals . | . . . . . . . . . . . . . . Times Spotted 165 | . 17 4 . 6 20 5 6 31 5 13 5 25 28 Peak Tracking Total 6 | . 6 2 . 4 5 3 6 5 2 6 5 5 6 Tactical Retreats 13 | . 1 . . . . 2 . 2 . 1 . 2 5 Traps | -11 -10 -10 -10 -9 -8 -7 -7 -7 -6 -5 -4 -4 -3 ------- Run | Yrd Mat Min Exi Min Mat Fac Was Fac Fac Fac Fac Ext Res Traps Triggered 8 | . 1 . . . . 2 . . 1 1 . 1 2 Indirectly . | . . . . . . . . . . . . . . Trap Hack Attempts . | . . . . . . . . . . . . . . Triggered . | . . . . . . . . . . . . . . Disarmed 8 | . 4 . . . . . . . . . . 4 . Reprogrammed . | . . . . . . . . . . . . . . Reused . | . . . . . . . . . . . . . . Traps Extracted . | . . . . . . . . . . . . . . Installed . | . . . . . . . . . . . . . . Triggered . | . . . . . . . . . . . . . . Machines | -11 -10 -10 -10 -9 -8 -7 -7 -7 -6 -5 -4 -4 -3 ---------- Run | Yrd Mat Min Exi Min Mat Fac Was Fac Fac Fac Fac Ext Res Machines Disabled 9 | . 1 . . 1 1 . . 3 . 1 . 1 1 Max in Single Turn 1 | . 1 . . 1 1 . . 1 . 1 . 1 1 Machines Repaired . | . . . . . . . . . . . . . . Machines Dismantled . | . . . . . . . . . . . . . . Machines Sabotaged . | . . . . . . . . . . . . . . Overloaded Fab Kills . | . . . . . . . . . . . . . . Hacking | -11 -10 -10 -10 -9 -8 -7 -7 -7 -6 -5 -4 -4 -3 --------- Run | Yrd Mat Min Exi Min Mat Fac Was Fac Fac Fac Fac Ext Res Machines Accessed 50 | . 8 . 3 . 7 1 . 9 5 1 5 10 1 Terminals 36 | . 8 . . . 5 1 . 5 2 1 3 10 1 Fabricators 2 | . . . . . . . . 1 . . 1 . . Repair Stations 5 | . . . . . 1 . . 3 1 . . . . Recycling Units 1 | . . . . . . . . . 1 . . . . Scanalyzers 1 | . . . . . 1 . . . . . . . . Garrison Access 2 | . . . . . . . . . 1 . 1 . . Total Hacks 132 | . 24 . 33 . 18 3 . 20 7 1 8 16 2 Successful 76 | . 7 . 33 . 11 . . 5 3 1 4 11 1 Failed 56 | . 17 . . . 7 3 . 15 4 . 4 5 1 Catastrophic 15 | . 6 . . . 3 . . 3 1 . 1 1 . Database Lockouts . | . . . . . . . . . . . . . . Manual 28 | . 17 . 2 . 4 . . 3 . . . 2 . Terminals 71 | . 24 . . . 7 3 . 11 2 1 5 16 2 Fabricators 3 | . . . . . . . . 2 . . 1 . . Repair Stations 13 | . . . . . 5 . . 7 1 . . . . Recycling Units 3 | . . . . . . . . . 3 . . . . Scanalyzers 6 | . . . . . 6 . . . . . . . . Garrison Access 3 | . . . . . . . . . 1 . 2 . . Terminal Hacks 61 | . 7 . 33 . 2 . . 2 1 1 3 11 1 Record 37 | . . . 32 . . . . 1 . . 1 3 . Open Door 6 | . . . . . . . . . . . . 6 . Open DSF 5 | . . . . . . . . 1 1 1 1 . 1 Branch Access Points 2 | . 1 . . . 1 . . . . . . . . Locate Traps 1 | . 1 . . . . . . . . . . . . Disarm Traps 2 | . 1 . . . . . . . . . . 1 . Hauler Manifests 1 | . 1 . . . . . . . . . . . . Zone Layout 6 | . 3 . . . 1 . . . . . 1 1 . Proto ID Catalog 1 | . . . 1 . . . . . . . . . . Fabricator Hacks 1 | . . . . . . . . . . . 1 . . Network Status 1 | . . . . . . . . . . . 1 . . Repair Station Hacks 6 | . . . . . 3 . . 3 . . . . . Scan Component 4 | . . . . . 2 . . 2 . . . . . Repair 2 | . . . . . 1 . . 1 . . . . . Recycling Unit Hacks 2 | . . . . . . . . . 2 . . . . Recycle Component 1 | . . . . . . . . . 1 . . . . Retrieve Matter 1 | . . . . . . . . . 1 . . . . Scanalyzer 6 | . . . . . 6 . . . . . . . . Insert Component 2 | . . . . . 2 . . . . . . . . Analyze 2 | . . . . . 2 . . . . . . . . Retrieve Study 2 | . . . . . 2 . . . . . . . . Garrison Access Hacks . | . . . . . . . . . . . . . . Unauthorized Hacks . | . . . . . . . . . . . . . . Terminals . | . . . . . . . . . . . . . . Fabricators . | . . . . . . . . . . . . . . Repair Stations . | . . . . . . . . . . . . . . Recycling Units . | . . . . . . . . . . . . . . Scanalyzers . | . . . . . . . . . . . . . . Garrison Access . | . . . . . . . . . . . . . . Data Cores Recovered . | . . . . . . . . . . . . . . Used . | . . . . . . . . . . . . . . Hacking Detections 36 | . 8 . . . 6 1 . 8 5 . 3 4 1 Full Trace Events 2 | . . . . . . . . 1 . . . 1 . Feedback Events . | . . . . . . . . . . . . . . Feedback Blocked . | . . . . . . . . . . . . . . Robot Schematics Acquired . | . . . . . . . . . . . . . . Robots Built . | . . . . . . . . . . . . . . Authchips . | . . . . . . . . . . . . . . Time . | . . . . . . . . . . . . . . Total Robot Build Rating . | . . . . . . . . . . . . . . Part Schematics Acquired 2 | . . . . . 2 . . . . . . . . Parts Built . | . . . . . . . . . . . . . . Authchips . | . . . . . . . . . . . . . . Time . | . . . . . . . . . . . . . . Total Part Build Rating . | . . . . . . . . . . . . . . Part Studies Acquired 2 | . . . . . 2 . . . . . . . . Parts Repaired 2 | . . . . . 1 . . 1 . . . . . Time 64 | . . . . . 32 . . 32 . . . . . Parts Recycled 1 | . . . . . . . . . 1 . . . . Recycled Matter . | . . . . . . . . . . . . . . Retrieved Matter . | . . . . . . . . . . . . . . Retrieved Components . | . . . . . . . . . . . . . . Parts Scanalyzed 2 | . . . . . 2 . . . . . . . . Part Schematics Acquired 2 | . . . . . 2 . . . . . . . . Parts Damaged . | . . . . . . . . . . . . . . Bothacking | -11 -10 -10 -10 -9 -8 -7 -7 -7 -6 -5 -4 -4 -3 ------------ Run | Yrd Mat Min Exi Min Mat Fac Was Fac Fac Fac Fac Ext Res Used RIF Installer . | . . . . . . . . . . . . . . Robots Hacked 3 | . . . . . . . . . . . . 3 . Non-combat 1 | . . . . . . . . . . . . 1 . Combat 2 | . . . . . . . . . . . . 2 . Robot Hacks Applied 3 | . . . . . . . . . . . . 3 . parse_system 2 | . . . . . . . . . . . . 2 . no_distress 1 | . . . . . . . . . . . . 1 . Relay Couplers Released . | . . . . . . . . . . . . . . Fabnet Peak Effective % . | . . . . . . . . . . . . . . Robots Rewired 7 | . . . . . . . . . . . . 7 . Allies Hacked . | . . . . . . . . . . . . . . Hacks Repelled . | . . . . . . . . . . . . . . Allies | -11 -10 -10 -10 -9 -8 -7 -7 -7 -6 -5 -4 -4 -3 -------- Run | Yrd Mat Min Exi Min Mat Fac Was Fac Fac Fac Fac Ext Res Total Allies 14 | . . . . . . . . . . . . 14 . Largest Group 8 | . . . . . . . . . . . . 8 . Highest-Rated Group 322 | . . . . . . . . . . . . 322 . Highest-Rated Ally 51 | . . . . . . . . . . . . 51 . Total Orders . | . . . . . . . . . . . . . . Ally Attacks 76 | . . . . . . . . . . . . 76 . Total Damage 2461 | . . . . . . . . . . . . 2461 . Kills 9 | . . . . . . . . . . . . 9 . Allies Corrupted . | . . . . . . . . . . . . . . Allies Melted . | . . . . . . . . . . . . . . Intel | -11 -10 -10 -10 -9 -8 -7 -7 -7 -6 -5 -4 -4 -3 ------- Run | Yrd Mat Min Exi Min Mat Fac Was Fac Fac Fac Fac Ext Res Active Infowar (turns) 6664 | . . 58 704 . 589 215 139 1767 1160 415 133 436 1048 Optics 4787 | . . . . . . 214 139 1767 1116 . 67 436 1048 Terrain 358 | . . . . . . . . . . 358 . . . Structural 3870 | . . . . . 589 215 139 1767 1160 . . . . Seismic 123 | . . . . . . . . . . 57 66 . . ECM 762 | . . 58 704 . . . . . . . . . . Robot Analysis Total . | . . . . . . . . . . . . . . Derelict Logs Recovered 1 | . . . . 1 . . . . . . . . . Drone Launches . | . . . . . . . . . . . . . . Drone Recoveries . | . . . . . . . . . . . . . . Exploration | -11 -10 -10 -10 -9 -8 -7 -7 -7 -6 -5 -4 -4 -3 ------------- Run | Yrd Mat Min Exi Min Mat Fac Was Fac Fac Fac Fac Ext Res Turns Passed 9378 | 75 1071 167 951 625 703 215 139 1767 1310 496 330 436 1093 Spaces Moved 6352 | 37 609 97 715 387 538 186 125 1086 509 361 601 467 634 Core 193 | 12 . . . . . . . . 18 142 21 . . Treads . | . . . . . . . . . . . . . . Legs 4715 | 25 609 97 715 387 538 186 125 1086 409 17 48 . 473 Wheels 266 | . . . . . . . . . 82 184 . . . Hover 1158 | . . . . . . . . . . 13 517 467 161 Flight 20 | . . . . . . . . . . 5 15 . . Fastest Speed 26 | 50 120 120 120 120 105 105 105 115 95 50 26 32 38 Average Speed 112 | 178 124 120 132 125 106 105 107 123 198 116 42 41 99 Slowest Speed 900 | 250 190 120 190 190 175 105 118 200 900 515 275 196 260 Overloaded Moves . | . . . . . . . . . . . . . . Propulsion Burnouts . | . . . . . . . . . . . . . . Robots Hopped . | . . . . . . . . . . . . . . Potential Cave-ins . | . . . . . . . . . . . . . . Cave-ins Triggered . | . . . . . . . . . . . . . . Exploration Rate (%) 37 | 3 88 28 94 64 48 8 77 32 13 11 11 40 13 Regions Visited 13 Branch Regions 4 Pre-discovered Areas 1 | . . . 1 . . . . . . . . . . Known Exits Taken 1 | . 1 . . . . . . . . . . . . Unknown Exits Taken 10 | 1 . 1 1 1 1 . . 1 1 1 1 1 . Scrap Searched 1 | . . . . 1 . . . . . . . . . Spaces Dug 21 | . 4 . . . . . . 13 . . . . 4 Terrain Destroyed 240 | . 4 . . 7 29 . . 89 5 56 . 11 39 Melee . | . . . . . . . . . . . . . . Projectile 87 | . . . . 7 16 . . 12 2 . . 11 39 AOE 153 | . 4 . . . 13 . . 77 3 56 . . . Terrain Rammed . | . . . . . . . . . . . . . . Walls Destroyed . | . . . . . . . . . . . . . . Machines Disabled . | . . . . . . . . . . . . . . Actions | -11 -10 -10 -10 -9 -8 -7 -7 -7 -6 -5 -4 -4 -3 --------- Run | Yrd Mat Min Exi Min Mat Fac Was Fac Fac Fac Fac Ext Res Total 7939 | 44 835 122 720 528 639 197 128 1341 671 415 655 654 990 Wait 738 | . 129 8 . 132 15 1 . 94 49 3 . 80 227 Move 6340 | 36 608 96 714 386 537 186 124 1085 508 360 600 466 634 Hop . | . . . . . . . . . . . . . . Pick Up 101 | 3 17 . 1 2 20 2 1 23 8 2 3 5 14 Fast Attach 75 | 5 2 . 1 1 2 . . 7 5 11 19 3 19 Attach 76 | . 5 1 . . 7 2 2 12 9 7 1 16 14 Detach 39 | . 1 . 1 . 3 . . 1 1 5 5 12 10 Swap 53 | . 11 2 1 2 7 . 1 14 2 . 4 4 5 Drop 92 | . 12 1 2 4 14 . . 18 1 6 10 5 19 Fire 340 | . 45 14 . . 34 4 . 71 50 18 13 48 43 Melee 14 | . . . . . . . . 14 . . . . . Ram 38 | . . . . . . . . . 33 3 . 2 . Kick 15 | . 5 . . 1 . 2 . 2 . . . . 5 Crush . | . . . . . . . . . . . . . . Escape Stasis 18 | . . . . . . . . . 5 . . 13 . Rewire . | . . . . . . . . . . . . . . Trap . | . . . . . . . . . . . . . . Miscellaneous . | . . . . . . . . . . . . . . Route ------- -11/Scrapyard -10/Materials (discovered 5 exits: [*Mat x2] / *Min x2 / [*Sub]) -10/Mines -10/Exiles (discovered 2 exits: [*Min x2]) -9/Mines -8/Materials (discovered 3 exits: *Fac x2 / *Sto) -7/Factory -7/Waste -7/Factory -6/Factory -5/Factory -4/Factory -4/Extension -3/Research History --------- Turn | Location | Event 5 | -11/Scrapyard | Discovered new exit (range 15) 76 | -11/Scrapyard | Entered Materials 305 | -10/Materials | Build established: Mutant 497 | -10/Materials | Discovered new exit (range 13) 577 | -10/Materials | Discovered new exit (range 6) 670 | -10/Materials | Discovered new exit (range 8) 863 | -10/Materials | Discovered new exit (range 16) 949 | -10/Materials | Discovered new exit (range 14) 1077 | -10/Materials | Identified exit to Mines 1097 | -10/Materials | Build established: Scavenger-Mutant 1147 | -10/Materials | Entered Mines 1178 | -10/Mines | Met a Derelict bent on vengeance 1302 | -10/Mines | Deemed a non-threat by the Exiles lab entrance 1303 | -10/Mines | Discovered new exit (range 5) 1314 | -10/Mines | Entered Exiles 1335 | -10/Exiles | Discovered new exit (range 15) 1377 | -10/Exiles | Met 8R-AWN 1395 | -10/Exiles | Met EX-HEX 1450 | -10/Exiles | Met EX-DEC 1482 | -10/Exiles | Visited The Gauntlet 1536 | -10/Exiles | Learned location of Zion (-7) 1562 | -10/Exiles | Build established: Mutant 1599 | -10/Exiles | Discovered new exit (range 10) 1890 | -10/Exiles | Met EX-BIN 1916 | -10/Exiles | Aligned with FarCom system 1917 | -10/Exiles | Given EX-Vault access code 2013 | -10/Exiles | Opened EX-Vault 2018 | -10/Exiles | Found Prototype Processor 2018 | -10/Exiles | Identified 0b10 Alert Chip 2023 | -10/Exiles | Found Prototype Energy Gun 2023 | -10/Exiles | Identified AWS/Thermal 2117 | -10/Exiles | Warned to stay clear of 0b10 Research branches 2265 | -10/Exiles | Stole two prototypes: AWS/Thermal, 0b10 Alert Chip 2265 | -10/Exiles | Entered Mines 2439 | -9/Mines | Learned Materials interactive machine intel 2608 | -9/Mines | A weapon hastily lodged in a ceiling crevice suddenly fell to the ground 2671 | -9/Mines | Discovered new exit (range 7) 2890 | -9/Mines | Entered Materials 2890 | -8/Materials | Evolved 4 slots: Propulsion x2, Utility x1, Weapon x1 2891 | -8/Materials | Loaded intel: 19 interactive machine locations 2912 | -8/Materials | Identified exit to Storage 3123 | -8/Materials | Destroyed 7 combat bots 3191 | -8/Materials | Discovered new exit (range 4) 3203 | -8/Materials | Build established: Scavenger-Skirmisher 3374 | -8/Materials | Discovered new exit (range 16) 3449 | -8/Materials | Garrison activated, responded to threat 3452 | -8/Materials | AWS/Thermal suddenly broke down 3520 | -8/Materials | Repaired Imp. Aluminum Leg+ 3593 | -8/Materials | Entered Factory 3593 | -7/Factory | Evolved 2 slots: Utility x2 3595 | -7/Factory | FarCom data flow suspended 3691 | -7/Factory | Discovered new exit (range 5) 3808 | -7/Factory | Sucked down chute 3808 | -7/Factory | Entered Waste 3817 | -7/Waste | Spotted C-40 Crusher 3832 | -7/Waste | Spotted C-40 Crusher 3862 | -7/Waste | Spotted C-40 Crusher 3865 | -7/Waste | Spotted C-40 Crusher 3882 | -7/Waste | Spotted C-40 Crusher 3898 | -7/Waste | Spotted C-40 Crusher 3912 | -7/Waste | Crushed by Compactor (1 part destroyed, 1 dropped) 3915 | -7/Waste | Crushed by Compactor (1 part destroyed, 1 dropped) 3923 | -7/Waste | Discovered new exit (range 20) 3946 | -7/Waste | Lost 3 parts (2n1w) 3947 | -7/Waste | Entered Factory 4466 | -7/Factory | Cargo convoy interrupted 4509 | -7/Factory | Repaired Imp. Aluminum Leg+ 4951 | -7/Factory | Build established: Gunner 5016 | -7/Factory | Discovered new exit (range 20) 5143 | -7/Factory | System corruption reached 10% 5146 | -7/Factory | Core integrity fell below 50% 5184 | -7/Factory | Garrison activated, responded to threat 5393 | -7/Factory | Noticed a derelict Sapper rigging charges 5524 | -7/Factory | Garrison activated, responded to threat 5631 | -7/Factory | Lost 8 parts (4n1u3w) 5658 | -7/Factory | Garrison activated, responded to threat 5714 | -7/Factory | Entered another Factory area 5714 | -6/Factory | Evolved 2 slots: Power x1, Weapon x1 5793 | -6/Factory | Spotted B-75 Beast 6022 | -6/Factory | Build established: Scavenger-Gunner 6565 | -6/Factory | Lost 7 parts (3n4w) 6808 | -6/Factory | Lost 5 parts (1p4w) 6870 | -6/Factory | Core integrity fell below 50% 6997 | -6/Factory | Discovered new exit (range 4) 7024 | -6/Factory | Entered another Factory area 7024 | -5/Factory | Evolved 2 slots: Propulsion x1, Utility x1 7073 | -5/Factory | Build established: Mutant 7231 | -5/Factory | Allied Derelicts emerged from ambush trap array 7402 | -5/Factory | Lost 3 allies 7483 | -5/Factory | Lost 13 parts (3p3n3u4w) 7514 | -5/Factory | Discovered new exit (range 8) 7520 | -5/Factory | Entered another Factory area 7520 | -4/Factory | Evolved 2 slots: Propulsion x1, Utility x1 7655 | -4/Factory | Lost 3 parts (1n1u1w) 7787 | -4/Factory | Discovered new exit (range 22) 7850 | -4/Factory | Entered Extension 7863 | -4/Extension | Rescued a captive Derelict 7931 | -4/Extension | Build established: Sprinter 7943 | -4/Extension | Rescued a captive Derelict 8060 | -4/Extension | Lost 3 allies 8111 | -4/Extension | Rescued a captive Derelict 8112 | -4/Extension | Rescued a captive Derelict 8126 | -4/Extension | Rescued a captive Derelict 8129 | -4/Extension | Rescued a captive Derelict 8130 | -4/Extension | Rescued a captive Derelict 8191 | -4/Extension | Spotted B-86 Titan 8261 | -4/Extension | Spotted B-86 Titan 8268 | -4/Extension | Discovered new exit (range 3) 8286 | -4/Extension | Entered Research 8286 | -3/Research | Evolved 2 slots: Power x1, Weapon x1 8296 | -3/Research | Identified exit to DSF 8310 | -3/Research | Lost 7 allies 8631 | -3/Research | Build established: Scavenger-Tank 9117 | -3/Research | Core integrity fell below 50% 9141 | -3/Research | Lost 7 parts (1p2n1u3w) 9362 | -3/Research | Core integrity fell below 20% 9379 | -3/Research | Destroyed by G-67 Veteran with Field Laser Last Messages --------------- Power failure averted by Adv. Cryofiber Web. Flexi-carbon Leg destroyed. Field Laser melted. G-67 Veteran destroyed. Overheating: Matter decay (-29). Flexi-carbon Leg destroyed. Power failure averted by Adv. Cryofiber Web. Overheating: Matter decay (-29). Overheating: Matter decay (-12). Acquired Flexi-carbon Leg. Power failure averted by Adv. Cryofiber Web. Overheating: Armor Integrity Analyzer damaged (-7). Power failure averted by Adv. Cryofiber Web. Overheating: Hacking Suite damaged (-5). Overheating: Coil Gun damaged (-16). U-05 Engineer builds a Wall. [Achievement: 10k Club] Map ----- +----------------------------------------------------+ | # #????# #????????# # | | # ! #????# ################# | | # ] #????# # + | | ###########????# # ####### | | #??????????????# # """"" #?????# | | #?????########## # """"" #?????# | | #?????# # + """"" #####?# | | #?????# # # """"" ##T>### | | !=######## # # + | | *=#!! # !=! # # ############ | | =!+ ! =# ==! # ###########??????????# | | #*! # ==! # #??????????????????? / | | #= = # # #?????????????????? ###### | | ###! ! [![ + #????????????????? ??????? | | ??#"###### ! # #?????????????????????????? | | ??# #??############ #?????????????????????????? | | ??# #??? ??# #?????????????????????????? | | ??# #?? ?# #?????????????????????????? | | ??# ## """S""" ?# #?????????????????????????? | | ??# ## """ """ # ##########+#+##???????????? | | ??# ## # #???????????? | | ??# ## + #???????????? | | ??# ## # #???????????? | | ??# ## """ """ # #???????????? | | ???#?# """ """ ?# ####+##########???????????? | | ?????# """ """ ?# #g@%[ #???????????? | | ???????? ??# # [ #???????????? | | ??????? * ??# u/ #???????????? | | ??????#########???# # ] #???????????? | | ??????????????????# # #???????????? | | ??????????????????# # #???????????? | | ??????????????????# ############+##???????????? | | ??????????????????# #?????????????????????????? | | ??????????????????# #?????????????????????????? | | ??????????????????+ ?????????????????????????? | | ??????????????????# ?????????????????????????? | | ??????????????????# ?????????????????????????? | | ??????????????????# ????????????????????????? | | ??????????????????#######????????????????????????? | | ?????????????????????????????????????????????????? | | ?????????????????????????????????????????????????? | | ?????????????????????????????????????????????????? | | ?????????????????????????????????????????????????? | | ?????????????????????????????????????????????????? | | ?????????????????????????????????????????????????? | | ?????????????????????????????????????????????????? | | ?????????????????????????????????????????????????? | | ?????????????????????????????????????????????????? | | ?????????????????????????????????????????????????? | | ?????????????????????????????????????????????????? | +----------------------------------------------------+ Best States ------------- Heat Dissipation 110 Energy Generation 57 Energy Capacity 455 Matter Stores 300 Matter Capacity 300 Sight Range 22 Terrain Scan Range 16 Terrain Scan Density 285 ECM Strength 1 Base Temperature (-) 200 Corruption Block 15 Armor Coverage 225 Resistance: TH 25 Propulsion Shielding 66 Evasion (%) 64 Target Analysis 5 Core Analysis 6 Armor Integrity Analysis 30 Matter Filtering 30 Kinecelleration 40 Offensive Hacking 20 Item Schematics ----------------- Aluminum Leg | -8/Materials | Scanalyzed Imp. Aluminum Leg | -8/Materials | Scanalyzed Robot Schematics ------------------ None Fabricated ------------ Nothing Repaired ---------- Imp. Aluminum Leg | 37% | -8/Materials Imp. Aluminum Leg | 6% | -7/Factory Studied --------- Aluminum Leg | -8/Materials | Hacked Imp. Aluminum Leg | -8/Materials | Hacked Alien Tech Used ----------------- None Achievements -------------- 10k Club Drive-By I Laugh At Your Crits Junior Dev Leap Before You Look Librarian Morally Flexible Omniscient Cartographer Sixth Sense Use The Force Challenges ------------ None Game ------ Seed SeismicBoreTreads Manual? 0 Play Time 02:28:50 Cumulative 20.1 hours Start 2026.02.15 @ 12:42:04 End 2026.02.22 @ 09:37:17 Sessions 7 Manual Loads 0 Difficulty Rogue Special Mode None Game No. 21 Rogue 19 Adventurer 0 Explorer 2 Win Type - Total 0 Types 0/0/0/0/0/0/0/0/0/0 Lore% 9 Gallery% 20 Achievement% 15 Wizard Run 0 Options --------- Layout 1 ASCII 0 Keyboard 1 Movement Vi Keybinds 0 Fullscreen 1 Font 24/Smallcaps Map View 50x35 Zoom Use 0% Tactical HUD 0 Map Filters NONE Filters NONE Steam 1 RUN: 7d392fd8-4508-4c08-8fff-52f137034679